Map: Terraform LE (Void)

Players

SticklerMac

  • Race: Terran Terran
  • League: Bronze

lanternfish - Winner!

  • Race: Terran Terran
  • League: Bronze

VOD

Have the link to the VOD?

Description

Time

  • Played on: July 26, 2015, 5:45 p.m.
  • Length: 6:36
Show
View Real Time Build Order
Export as new Build Order

SticklerMac Terran 

Build Orders: MMM Bio 

Get SALT Encoding   

  12  0:00  SCV  
  13  0:13  SCV  
  14  0:20  Supply Depot  
  14  0:25  SCV  
  15  0:36  Refinery  
  15  0:41  SCV  
  16  0:44  Barracks  
  16  0:56  Refinery  
  16  0:59  SCV  
  17  1:06  Barracks  
  17  1:11  SCV  
  18  1:23  SCV  
  19  1:35  Barracks Tech Lab  
  19  1:36  Barracks  
  19  1:42  SCV  
  20  1:53  Barracks  
  20  1:55  SCV  
  20  1:56  Barracks Reactor, Supply Depot  
  21  2:07  Orbital Command  
  21  2:18  Engineering Bay  
  21  2:32  Supply Depot  
  21  2:36  Stimpack, Marine  
  21  2:37  Marine  
  22  2:39  Marine  
  24  2:49  Supply Depot  
  24  2:55  Supply Depot  
  24  3:03  Barracks Reactor x2  
  24  3:06  Marine x2  
  26  3:13  Engineering Bay  
  26  3:14  Marine  
  27  3:26  Marine  
  28  3:27  Marine  
  28  3:32  Marine  
  30  3:34  Refinery  
  30  3:35  SCV  
  31  3:44  Marine  
  31  3:45  Factory, Marine  
  33  3:50  Marine x2  
  33  3:51  Marine  
  33  3:52  Marine  
  33  3:53  Marine  
  38  4:01  SCV  
  39  4:10  Marine x2  
  39  4:11  Marine  
  39  4:13  SCV  
  43  4:20  Marine x2  
  43  4:22  Marine  
  46  4:36  Combat Shields  
  46  4:45  Marine x5  
  36  5:13  Marine x7  
  36  5:31  Marine x5  
  41  5:46  Marine x2  
  41  5:48  Marine  
  41  5:49  Marine  
  45  5:58  Marine  
  45  5:59  Starport  
  46  6:09  Marine x3  
  46  6:11  Marine  
  50  6:19  Supply Depot  
  50  6:20  Supply Depot  
Show
View Real Time Build Order
Export as new Build Order

lanternfish Terran - Winner!

Build Orders: Command Center First (CC) 

Get SALT Encoding   

  12  0:01  SCV  
  13  0:13  SCV  
  14  0:20  Supply Depot  
  14  0:25  SCV  
  15  0:41  SCV  
  16  0:53  SCV  
  17  1:01  Command Center  
  17  1:06  SCV  
  18  1:15  Barracks  
  18  1:22  SCV  
  19  1:25  Supply Depot  
  19  1:34  SCV  
  19  1:39  Barracks  
  20  1:46  SCV  
  21  1:58  SCV  
  22  2:03  Marine  
  23  2:11  Orbital Command  
  23  2:13  Orbital Command  
  23  2:21  Marine  
  24  2:26  Marine  
  24  2:29  Refinery  
  25  2:32  Refinery  
  25  2:34  Supply Depot  
  25  2:36  Orbital Command  
  25  2:37  SCV  
  25  2:43  Marine  
  25  2:44  Marine  
  28  2:55  SCV  
  29  2:59  Bunker  
  29  3:03  SCV  
  29  3:04  Marine x2  
  32  3:16  SCV x2  
  34  3:25  Factory  
  34  3:27  Marine  
  34  3:30  SCV, Marine  
  34  3:31  SCV  
  38  3:43  SCV, Supply Depot  
  38  3:45  Supply Depot  
  39  3:48  Marine  
  39  3:49  SCV, Marine  
  42  3:56  SCV  
  43  4:03  SCV  
  43  4:04  Barracks  
  43  4:08  Engineering Bay  
  44  4:10  Barracks Reactor  
  44  4:11  Barracks Tech Lab, Engineering Bay  
  44  4:12  Factory Reactor  
  44  4:13  SCV  
  45  4:17  SCV  
  46  4:25  SCV, Factory  
  47  4:34  SCV, Refinery  
  47  4:35  Refinery, Marauder  
  47  4:38  SCV, Combat Shields  
  51  4:52  Starport  
  51  4:55  Barracks Reactor  
  44  5:09  Marine x2  
  44  5:10  Marauder  
  44  5:11  Hellion x2  
  44  5:12  Factory Tech Lab  
  44  5:13  SCV  
  44  5:14  SCV  
  54  5:20  Supply Depot  
  54  5:27  SCV x2  
  56  5:35  Marine x4  
  59  5:36  Marauder  
  59  5:37  Hellion  
  59  5:39  SCV x2  
  59  5:41  Hellion  
  68  5:54  Siege Tank  
  68  5:55  SCV  
  68  5:56  SCV, Marine x4  
  77  5:58  Starport Reactor  
  77  6:08  SCV  
  78  6:12  Supply Depot  
  78  6:13  Supply Depot  
  78  6:17  SCV  
  83  6:20  SCV  
  83  6:22  Armory  
Tags
 
Add a new tag
Caveats
  • Supply blocks, unpowered buildings, or Contaminate may cause inaccurate times.
  • Supply counts are checked every 10 seconds.